 Dungeon Crawl Stone Soup version 0.27-a0-320-g81d27af2d4 (webtiles) character file.

Game seed: 10246328425188244521

405 Lanoc the Sneak (level 6, -5/48 HPs)
             Began as a Vampire Monk on Feb 10, 2021.
             Slain by a worm (11 damage)
             ... on level 4 of the Dungeon.
             The game lasted 00:02:56 (1578 turns).

Lanoc the Sneak (Vampire Monk)                      Turns: 1578, Time: 00:02:57

Health: -5/48      AC:  2    Str:  8 (10) XL:     6   Next: 56%
Magic:  6/6        EV: 15    Int: 11 (13) God:
Gold:   47         SH:  0    Dex: 17 (18) Spells: 5/5 levels left

rFire    . . .     SeeInvis +   a - +0 falchion
rCold    . . .     Faith    .   (no shield)
rNeg     . . .     Spirit   .   b - +0 robe
rPois    .         Reflect  .   (no helmet)
rElec    .         Harm     .   (no cloak)
rCorr    .         Rampage  .   (no gloves)
Will     .....                  (no boots)
Stlth    +++.......             d - amulet of the acrobat
HPRegen  0.36/turn              f - +4 ring of slaying
MPRegen  0.10/turn              g - ring of see invisible

@: very slightly contaminated, regenerating quickly, invisible
A: fangs 3, see invisible, unbreathing
a: Exsanguinate


You were on level 4 of the Dungeon.
You visited 1 branch of the dungeon, and saw 4 of its levels.

You collected 47 gold pieces.

Inventory:

Hand Weapons
 a - a +0 falchion (weapon)
Armour
 b - a +0 robe (worn)
Jewellery
 d - an amulet of the acrobat (around neck)
 f - a +4 ring of slaying (left hand)
 g - a ring of see invisible (right hand)
Scrolls
 c - a scroll of identify
 e - a scroll of enchant weapon


   Skills:
 + Level 4.1 Fighting
 + Level 4.5 Long Blades
 + Level 5.0 Dodging
 + Level 6.0 Stealth


You had 5 spell levels left.
You didn't know any spells.
Your spell library was empty.

Dungeon Overview and Level Annotations

Branches:
Dungeon (4/15)
 Temple: D:4-7

Altars:
Kikubaaqudgha
Qazlal
Sif Muna


Innate Abilities, Weirdness & Mutations

Your natural rate of healing is unusually fast.
You have razor-sharp teeth.
You have supernaturally acute eyesight. (SInv)
You can survive without breathing.


Message History

You barely miss the river rat.
The river rat is heavily wounded.
The river rat completely misses you.
You hit the river rat.
The river rat is severely wounded.
The river rat bites you!
* * * LOW HITPOINT WARNING * * *
It was a potion of invisibility.
You fade into invisibility!
The river rat closely misses you.
You are very lightly contaminated with residual magic.
You catch the helpless river rat completely off-guard!
You hit the river rat but do no damage.
The river rat is severely wounded.
The river rat barely misses you.
You strike the helpless river rat from behind!
You hit the river rat.
The river rat is almost dead.
You feel sick. The river rat misses you.
You riposte.
You hit the river rat but do no damage.
The river rat is almost dead.
You closely miss the river rat.
The river rat is almost dead.
You hit the river rat.
You kill the river rat!
Your Dodging skill increases to level 5!
You hit the rat.
You kill the rat!
You feel sick.
You slash the worm!
The worm is heavily wounded.
You barely miss the worm.
The worm is heavily wounded.
The worm barely misses you.
You hit the worm but do no damage.
The worm is heavily wounded.
You feel sick.
You are no longer poisoned.
The worm bites you!
You die...

######### #
#....@w.###.####
#####.#####........w
####.....# #.....###
#..#.....# #.#####
#.##..##.## #.#
#..#..#...####.#
##....†.._......#
##..#####...#..#.#
##...## ##.##..#.#


You could see a worm.

Vanquished Creatures
  An ogre (D:4)
  A howler monkey (D:4)
  An orc priest (D:3)
  Natasha (D:4)
  3 orc wizards (D:3)
  A worker ant (D:4)
  3 gnolls (D:2)
  2 adders
  A howler monkey skeleton (D:4)
  A river rat (D:4)
  A worm (D:3)
  14 orcs (D:3)
  A giant cockroach (D:3)
  7 goblins
  8 hobgoblins
  2 quokkas
  A bat (D:3)
  3 frilled lizards
  4 kobolds (D:3)
  5 rats
61 creatures vanquished.

Notes
Turn   | Place    | Note
-------+----------+-------------------------------------------
     0 | D:1      | Lanoc the Vampire Monk began the quest for the Orb.
     0 | D:1      | Reached XP level 1. HP: 17/17 MP: 1/1
   184 | D:2      | Reached XP level 2. HP: 23/23 MP: 2/2
   327 | D:2      | Reached XP level 3. HP: 23/29 MP: 3/3
   375 | D:2      | Reached skill level 4 in Stealth
   567 | D:3      | Reached XP level 4. HP: 33/35 MP: 4/4
   672 | D:3      | Found a stormy altar of Qazlal.
   919 | D:3      | Reached XP level 5. HP: 41/41 MP: 5/5
   926 | D:3      | Reached skill level 5 in Stealth
   927 | D:3      | HP: 2/41 [orc/+0 flail (7)]
  1402 | D:3      | Found an ancient bone altar of Kikubaaqudgha.
  1465 | D:4      | Noticed an ogre
  1472 | D:4      | Killed an ogre
  1473 | D:4      | Reached XP level 6. HP: 12/48 MP: 6/6
  1520 | D:4      | Found a shimmering blue altar of Sif Muna.
  1520 | D:4      | Noticed Natasha
  1526 | D:4      | Killed Natasha
  1562 | D:4      | Reached skill level 6 in Stealth
  1574 | D:4      | Reached skill level 5 in Dodging
  1578 | D:4      | Slain by a worm

Illustrated notes

Levels and vault maps discovered:
D:1:      minmay_arrival_arboretum_large, layout_basic
D:2:      layout_basic, nicolae_ru_sacrificial_ziggurat, minmay_misc_feat_x
D:3:      layout_basic, nicolae_qazlal_general_emergency,
          lemuel_zombie_altar_kikubaaqudgha
D:4:      kennysheep_slugbush, layout_loops_ring,
          nicolae_overflow_crystal_walls, nicolae_overflow_hidden_temple,
          portal_sewer_entry_b, uniq_natasha

Skill      XL: |  1  2  3  4  5  6 |
---------------+-------------------+-----
Fighting       | 3 4 |  4.1
Stealth        | 4 5 6 |  6.0
Dodging        | 4 5 |  5.0
Long Blades    | 4 |  4.5

Action                   |  1- 3 |  4- 6 || total
-------------------------+-------+-------++-------
Melee: Falchion          |    75 |   116 ||   191
       Bite              |    11 |    10 ||    21
  Use: Potion            |       |     2 ||     2
       Scroll            |       |     1 ||     1
 Stab: Sleeping          |     2 |     4 ||     6
       Distracted        |       |     1 ||     1
       Invisible         |       |     2 ||     2
Armor: Robe              |     6 |     6 ||    12
Dodge: Dodged            |    42 |    92 ||   134
       Rpst.: Falchion   |    15 |    25 ||    40

Table legend: (Time is in decaauts)
 A = Elapsed time spent in this place.
 B = Non-inter-level travel time spent in this place.
 C = Inter-level travel time spent in this place.
 D = Time resting spent in this place.
 E = Time spent auto-exploring this place.
 F = Levels seen in this place.
 G = Mean time per level.
                   A        B        C        D        E       F      G
               +--------+--------+--------+--------+--------+-----+--------+
         Total |   1599 |   1505 |     94 |      0 |   1049 |   4 |  399.8 |
       Dungeon |   1599 |   1505 |     94 |      0 |   1049 |   4 |  399.8 |
               +--------+--------+--------+--------+--------+-----+--------+

Top non-repeatable levels by time:
     D:3: 1032 daAuts
     D:2: 444 daAuts
     D:4: 80 daAuts
     D:1: 42 daAuts
